AoeStats
← La dide

Black Forest

510616044Analyzed
3v3 RM · 1d ago on Oct 1, 2026· 49m 32s· 6 players
Game mode
Random Map
Map size
Normal (6 player)
Population
200
Speed
Normal
Resources
Standard
Victory
Conquest
Starting age
Dark Age
Ending age
Imperial Age
RankedLock teamsTeams togetherTeam positionsShared explorationLock speedFull tech treeHidden civsTurbo modeCheats
Victory
Defeat
🇺🇸 Ethiopians · United States
930
+13
🇨🇳 Teutons · China
892
+40
🇺🇸 Turks · United States
887
+15
🇫🇷 Celts · France
951
-17
🇫🇷 Wei · France
877
-15
🇫🇷 Maya · France
744
-10
NachoFries4886
0:31 Loom
14:47 Feudal Age
16:43 Double-Bit Axe
19:24 Castle Age
17:32 Horse Collar
18:59 Gold Mining
29:10 Imperial Age
27:20 Heavy Plow
29:31 Wheelbarrow
30:08 Padded Archer Armor
29:58 Fletching
31:49 Thumb Ring
32:02 Leather Archer Armor
31:42 Bodkin Arrow
33:42 Ring Archer Armor
33:37 Ballistics
33:34 Town Watch
35:30 Bracer
35:53 Bow Saw
36:19 Bloodlines
36:10 Husbandry
37:22 Scale Barding Armor
37:18 Scale Mail Armor
37:52 Forging
40:14 Chain Barding Armor
40:30 Iron Casting
40:11 Chain Mail Armor
40:50 Stone Mining
41:35 Gold Shaft Mining
43:05 Plate Barding Armor
43:31 Blast Furnace
42:40 Caravan
43:56 Plate Mail Armor
46:02 Heavy Scorpion
47:24 Masonry
46:54 Treadmill Crane
47:04 Heated Shot
47:45 Coinage
48:18 Cavalier
DPtheBananaKing
8:31 Loom
11:57 Feudal Age
16:43 Castle Age
14:35 Horse Collar
14:42 Double-Bit Axe
17:13 Stone Mining
21:16 Heavy Plow
22:55 Forging
24:23 Wheelbarrow
25:14 Gold Mining
27:27 Scale Mail Armor
27:21 Arson
29:17 Squires
30:59 Royal Heirs
35:47 Imperial Age
33:35 Hand Cart
37:08 Torsion Engines
37:57 Gold Shaft Mining
37:59 Stone Shaft Mining
38:01 Iron Casting
37:42 Chain Mail Armor
37:51 Conscription
37:50 Bow Saw
38:53 Chemistry
38:35 Elite Shotel Warrior
42:30 Caravan
42:49 Siege Engineers
43:20 Plate Mail Armor
43:50 Blast Furnace
2284869820aaa
10:03 Loom
16:46 Feudal Age
17:05 Man-at-Arms
17:30 Horse Collar
17:38 Double-Bit Axe
19:48 Forging
19:41 Scale Mail Armor
22:05 Arson
22:41 Stone Mining
26:41 Castle Age
25:45 Wheelbarrow
28:21 Iron Casting
32:41 Chain Mail Armor
35:38 Imperial Age
36:21 Bow Saw
36:21 Heavy Plow
39:07 Caravan
41:10 Hand Cart
43:40 Blast Furnace
43:12 Plate Mail Armor
42:50 Scale Barding Armor
43:21 Plate Mail Armor
42:18 Elite Teutonic Knight
46:35 Conscription
50:34 Plate Mail Armor
TheHeadlander
12:54 Feudal Age
13:35 Double-Bit Axe
17:43 Horse Collar
23:19 Castle Age
21:33 Man-at-Arms
22:52 Forging
22:51 Gold Mining
22:52 Stone Mining
28:16 Imperial Age
30:07 Gold Shaft Mining
35:42 Scale Mail Armor
37:06 Loom
41:29 Onager
47:15 Ballistics
La dide
12:51 Loom
15:18 Feudal Age
16:53 Double-Bit Axe
16:51 Horse Collar
20:07 Man-at-Arms
23:10 Castle Age
21:35 Scale Barding Armor
25:02 Forging
25:13 Chain Barding Armor
26:17 Bow Saw
30:16 Heavy Plow
33:15 Fletching
34:54 Long Swordsman
36:41 Iron Casting
44:44 Imperial Age
45:31 Heavy Hei Guang Cavalry
vincentreynes.30
0:27 Loom
11:23 Feudal Age
12:13 Double-Bit Axe
20:10 Castle Age
19:16 Fletching
19:33 Horse Collar
20:14 Elite Skirmisher
21:00 Thumb Ring
21:03 Crossbowman
22:36 Bodkin Arrow
25:13 Bow Saw
30:04 Imperial Age
30:25 Padded Archer Armor
31:02 Bracer
32:10 Chemistry
32:16 Eagle Warrior
33:58 Forging
35:36 Elite Eagle Warrior
Connection lost

Rejoining the realm…

Still unreachable

The connection could not be restored.

Session expired

The server has moved on; the page needs a fresh start.